 Dungeon Crawl Stone Soup version 0.26.1-10-gdfb7c7de75 (webtiles) character file.

Game seed: 12963813932113134684

569 Descartes the Conjurer (level 7, -7/36 HPs)
             Began as a Deep Elf Hedge Wizard on Apr 11, 2021.
             Killed by divine providence
             ... invoked by an orc priest
              (10 damage)
             ... on level 4 of the Dungeon.
             The game lasted 00:10:16 (4579 turns).

Descartes the Conjurer (Deep Elf Hedge Wizard)      Turns: 4579, Time: 00:10:17

Health: -7/36      AC:  5    Str:  8    XL:     7   Next: 11%
Magic:  4/16       EV: 15    Int: 20    God:
Gold:   182        SH:  0    Dex: 14    Spells: 15/16 levels left

rFire    . . .     SeeInvis .   s - +4 dagger
rCold    . . .     Faith    .   (no shield)
rNeg     . . .     Spirit   .   A - +0 robe {Will+}
rPois    .         Reflect  .   c - +0 hat
rElec    .         Harm     .   D - +2 cloak
rCorr    .         Rampage  .   (no gloves)
Will     +....                  (no boots)
Stlth    +++.......             d - amulet of regeneration
HPRegen  0.52/turn              (no ring)
MPRegen  0.15/turn              (no ring)

@: no status effects
A: no striking features
a: no special abilities


You were on level 4 of the Dungeon.
You visited 1 branch of the dungeon, and saw 4 of its levels.

You collected 266 gold pieces.
You spent 84 gold pieces at shops.

Inventory:

Hand Weapons
 s - a +4 dagger (weapon)
Missiles
 l - 74 arrows
 m - 117 stones
 n - 18 poisoned darts
Armour
 c - a +0 hat (worn)
 A - a +0 robe of willpower (worn)
 D - a +2 cloak (worn)
Jewellery
 d - an amulet of regeneration (around neck)
 h - an uncursed amulet of guardian spirit
 v - an uncursed amulet of the acrobat
Wands
 u - a wand of random effects (19)
 y - a wand of enslavement (4)
 B - a wand of paralysis (8)
Scrolls
 f - a scroll of enchant armour {unknown}
 g - 4 scrolls of identify {unknown}
 i - a scroll of blinking {unknown}
 k - 2 scrolls of immolation {unknown}
 o - 3 scrolls of fog {unknown}
 q - a scroll of remove curse {unknown}
 r - a scroll of random uselessness {unknown}
 t - a scroll of fear {unknown}
 w - a scroll of noise {unknown}
Potions
 a - a potion of resistance {unknown}
 e - 2 potions of mutation {unknown}
 p - 2 potions of curing {unknown}
 x - 2 potions of magic {unknown}
 z - a potion of degeneration {unknown}
 C - a potion of heal wounds {unknown}


   Skills:
 - Level 5.0 Dodging
 - Level 5.0 Stealth
 - Level 5.0 Spellcasting
 - Level 5.0 Conjurations
 - Level 1.1 Summonings
 - Level 1.1 Translocations
 + Level 3.0 Evocations


You had 15 spell levels left.
You knew the following spells:

 Your Spells              Type           Power        Failure   Level
a - Magic Dart            Conj           100%         1%          1

Your spell library contained the following spells:

 Spells                   Type           Power        Failure   Level
 Blink                    Tloc           N/A          11%         2
 Call Imp                 Summ           9%           11%         2
 Conjure Flame            Conj/Fire      15%          12%         3
 Slow                     Hex            5%           17%         2
 Mephitic Cloud           Conj/Pois/Air  11%          19%         3


Dungeon Overview and Level Annotations

Branches:
Dungeon (4/15)
 Temple: D:4-7

Altars:
Qazlal
Xom

Shops:
D:4 }


Message History

Casting: Magic Dart (safe; 1% risk of failure)
Confirm with . or Enter, or press ? or * to list all spells.
Aiming: Magic Dart (safe; 1% risk of failure)
Press: ? - help, Shift-Dir - straight line, f/p - orc priest
Aim: an orc priest, wielding a +0 short sword and wearing a cursed +0 chain mail (severely wounded, 0% to evade)
The magic dart hits the orc priest.
The orc priest is almost dead.
The orc priest calls down the wrath of Beogh upon you.
Beogh smites you!
* * * LOW HITPOINT WARNING * * *
Casting: Magic Dart (safe; 1% risk of failure)
Confirm with . or Enter, or press ? or * to list all spells.
Aiming: Magic Dart (safe; 1% risk of failure)
Press: ? - help, Shift-Dir - straight line, f/p - orc priest
Aim: an orc priest, wielding a +0 short sword and wearing a cursed +0 chain mail (almost dead, 0% to evade)
The magic dart hits the orc priest but does no damage.
The orc priest is almost dead.
The orc priest invokes the aid of Beogh against you.
Beogh smites you!
You die...

##........ ##.#
#......... #..#
.##†###### #.##
###.###### #.#
.........# #.#
....####.## #.#
...##.....# #o#
......##..#######o#
...#####........@.#
.........##########
.######### .# ## .#
.# .# .#


You could see an orc priest and an orc.

Vanquished Creatures
  A phantom (D:4)
  A howler monkey (D:4)
  2 orc priests (D:3)
  A worker ant (D:4)
  3 orc wizards
  7 gnolls (D:4)
  A howler monkey skeleton (D:4)
  8 adders
  2 oozes
  An adder zombie (D:4)
  2 adder skeletons (D:4)
  2 worms (D:3)
  A dart slug (D:3)
  A leopard gecko (D:3)
  14 orcs
  4 bats
  3 giant cockroaches
  4 goblins
  11 hobgoblins
  8 jackals
  11 kobolds
  2 quokkas
  3 ball pythons
  8 frilled lizards
  7 rats
108 creatures vanquished.

Notes
Turn   | Place    | Note
-------+----------+-------------------------------------------
     0 | D:1      | Descartes the Deep Elf Hedge Wizard began the quest for the
                  | Orb.
     0 | D:1      | Reached XP level 1. HP: 10/10 MP: 7/7
    10 | D:1      | Noticed a bullfrog
   252 | D:1      | Reached XP level 2. HP: 15/15 MP: 1/9
   832 | D:1      | Reached XP level 3. HP: 19/19 MP: 6/10
  1303 | D:2      | Reached XP level 4. HP: 24/24 MP: 2/12
  1427 | D:2      | Found a stormy altar of Qazlal.
  1428 | D:2      | Noticed an earth elemental
  1436 | D:2      | Noticed a fire elemental
  1439 | D:2      | Noticed a water elemental
  1470 | D:2      | Noticed an air elemental
  1798 | D:3      | Reached skill level 5 in Conjurations
  1934 | D:3      | Reached skill level 5 in Spellcasting
  2060 | D:2      | Reached XP level 5. HP: 27/28 MP: 12/14
  3059 | D:3      | Reached XP level 6. HP: 32/32 MP: 10/15
  3361 | D:4      | Reached skill level 5 in Stealth
  3436 | D:4      | Found Ifobb's Gadget Shop.
  3632 | D:4      | Reached skill level 5 in Dodging
  3769 | D:4      | Reached XP level 7. HP: 36/36 MP: 9/16
  3826 | D:4      | Bought a wand of enslavement (4) for 84 gold pieces
  4139 | D:4      | Found a shimmering altar of Xom.
  4579 | D:4      | Killed from afar by an orc priest

Illustrated notes

Levels and vault maps discovered:
D:1:      evilmike_arrival_come_back, layout_basic
D:2:      layout_rooms, nicolae_qazlal_style_of_elements, bh_walls_and_bars
D:3:      layout_basic, minmay_crystal_water
D:4:      layout_loops_cross, lemuel_round_altar, serial_shops, shop_coins,
          hangedman_minor_gate_pass

Skill      XL: |  1  2  3  4  5  6  7 |
---------------+----------------------+-----
Conjurations   | 2 3 4 5 |  5.0
Spellcasting   | 5 |  5.0
Stealth        | 4 5 |  5.0
Dodging        | 3 5 |  5.0
Evocations     | 2 3 |  3.0
Summonings     | |  1.1
Translocations | |  1.1

Action                   |  1- 3 |  4- 6 |  7- 9 || total
-------------------------+-------+-------+-------++-------
Melee: Dagger            |     8 |     3 |       ||    11
 Cast: Magic Dart        |    90 |   203 |    51 ||   344
Armor: Robe              |     4 |    14 |       ||    18
Dodge: Dodged            |    19 |    61 |     4 ||    84
